 Dungeon Crawl Stone Soup version 0.22.0-16-gc6d26f6 (webtiles) character file.

337 Azzok the Slinger (level 6, -1/41 HPs)
             Began as a Halfling Hunter on Aug 17, 2018.
             Slain by a worker ant (7 damage)
             ... on level 4 of the Dungeon.
             The game lasted 00:04:53 (2443 turns).

Azzok the Slinger (Halfling Hunter)                 Turns: 2443, Time: 00:04:55

Health: -1/41      AC:  3    Str: 15    XL:     6   Next: 85%
Magic:  6/6        EV: 14    Int:  9    God:
Gold:   119        SH:  0    Dex: 15    Spells: 5/5 levels left

rFire    . . .     SeeInvis .   a - +1 hunting sling
rCold    . . .     Gourm    .   (shield restricted)
rNeg     . . .     Faith    .   c - +0 leather armour
rPois    .         Spirit   .   (no helmet)
rElec    .         Reflect  .   (no cloak)
rCorr    .         Harm     .   (no gloves)
MR       .....                  (no boots)
Stlth    ++........             (no amulet)
HPRegen  0.13/turn              (no ring)
MPRegen  0.10/turn              (no ring)

@: lethally poisoned (-1 -> -9)
A: small, mutation resistance 1
a: no special abilities


You were on level 4 of the Dungeon.
You were not hungry.

You visited 1 branch of the dungeon, and saw 4 of its levels.

You collected 119 gold pieces.

Inventory:

Hand Weapons
 a - a +1 hunting sling (weapon)
 b - a +0 short sword
Missiles
 d - 15 sling bullets
 g - 35 stones (quivered)
Armour
 c - a +0 leather armour (worn)
Wands
 t - a wand of acid (8)
Scrolls
 e - 4 scrolls of identify {unknown}
 j - 2 scrolls of teleportation {unknown}
 l - a scroll of random uselessness {unknown}
 n - 2 scrolls of enchant armour {unknown}
 o - a scroll of enchant weapon {unknown}
 q - a scroll of blinking {unknown}
 s - 2 scrolls of amnesia {unknown}
Potions
 h - a potion of haste {unknown}
 i - a potion of lignification {unknown}
 k - 2 potions of mutation {unknown}
 m - a potion of heal wounds {unknown}
 p - 5 potions of curing {unknown}
 u - a potion of flight {unknown}
Comestibles
 f - 5 rations
 r - a chunk of flesh


   Skills:
 + Level 2.7 Fighting
 * Level 10.3 Slings
 - Level 2.1 Dodging
 - Level 1.1 Stealth


You had 5 spell levels left.
You didn't know any spells.
Your spell library was empty.

Dungeon Overview and Level Annotations

Branches:
Dungeon (4/15)
 Temple: D:4-7

Altars:
Nemelex Xobeh

Annotations:
D:3 1 runed door, raikaria's ghost, amateur HaGl


Innate Abilities, Weirdness & Mutations

You are small and have problems with some larger weapons.
You are somewhat resistant to further mutation.


Message History

You shoot a stone.
The stone hits the worker ant but does no damage.
The worker ant is severely wounded.
The worker ant waves its antennae.
The worker ant bites you!
Firing (i - inventory. (/) - cycle)
g - 37 stones (quivered)
Press: ? - help, Shift-Dir - straight line, f/p - worker ant
Aim: a worker ant (severely wounded)
You shoot a stone.
The stone closely misses the worker ant.
You feel sick. The worker ant bites you!
* * * LOW HITPOINT WARNING * * *
Firing (i - inventory. (/) - cycle)
g - 36 stones (quivered)
Press: ? - help, Shift-Dir - straight line, f/p - worker ant
Aim: a worker ant (severely wounded)
You shoot a stone. The stone hits the worker ant.
The worker ant is severely wounded.
* * * LOW HITPOINT WARNING * * *
You feel sick. The worker ant bites you!
You die...

·(· (·
▒▒··
·(·
·((
▒(▒
▒▒·a▒▒
▒···@▒
▒····▒
▒··▒▒·
▒··▒
▒· ▒·▒
·· ···
·· ·▒▒
▒··
···


You could see a worker ant.

Vanquished Creatures
  A scorpion (D:3)
  A hound (D:4)
  2 orc wizards (D:3)
  Terence (D:2)
  7 adders
  An ooze (D:2)
  An adder zombie (D:2)
  2 worms (D:2)
  3 dart slugs
  2 leopard geckos
  2 orcs (D:3)
  9 giant cockroaches
  5 goblins
  9 hobgoblins
  12 jackals
  9 kobolds
  A quokka (D:2)
  2 ball pythons (D:1)
  11 bats
  3 frilled lizards
  4 rats
88 creatures vanquished.

Notes
Turn   | Place    | Note
-------+----------+-------------------------------------------
     0 | D:1      | Azzok the Halfling Hunter began the quest for the Orb.
     0 | D:1      | Reached XP level 1. HP: 14/14 MP: 1/1
     5 | D:1      | Noticed a minotaur skeleton
    48 | D:1      | Reached skill level 6 in Slings
    82 | D:1      | Reached XP level 2. HP: 19/19 MP: 2/2
   344 | D:1      | Reached skill level 7 in Slings
   344 | D:1      | Reached XP level 3. HP: 24/24 MP: 3/3
   878 | D:2      | Reached XP level 4. HP: 29/29 MP: 4/4
  1018 | D:2      | Reached skill level 8 in Slings
  1108 | D:2      | Noticed Terence
  1140 | D:2      | Killed Terence
  1140 | D:2      | Reached XP level 5. HP: 24/34 MP: 5/5
  1415 | D:2      | Reached skill level 9 in Slings
  1853 | D:3      | Found a runed door.
  1865 | D:3      | Reached XP level 6. HP: 39/39 MP: 6/6
  2023 | D:3      | Found a sparkling altar of Nemelex Xobeh.
  2091 | D:3      | Reached skill level 10 in Slings
  2254 | D:3      | Noticed raikaria's ghost (amateur HaGl)
  2443 | D:4      | Slain by a worker ant

Skill      XL: |  1  2  3  4  5  6 |
---------------+-------------------+-----
Slings         | 6 7 8 9 10 | 10.3
Fighting       | 2 |  2.7
Dodging        | |  2.1
Stealth        | |  1.1

Action                   |  1- 3 |  4- 6 || total
-------------------------+-------+-------++-------
 Fire: Hunting sling     |    80 |   232 ||   312
  Eat: Chunk             |       |     4 ||     4
Armor: Leather armour    |     4 |     2 ||     6
Dodge: Dodged            |    10 |    38 ||    48
